 Dungeon Crawl Stone Soup version 0.18-a0-1626-g65af6d3 (webtiles) character file.

57 namelastname112 the Slasher (level 3, 0/33 HPs)
             Began as a Draconian Chaos Knight on Mar 25, 2016.
             Succumbed to an adder's poison
             ... on level 2 of the Dungeon.
             The game lasted 00:01:44 (1288 turns).

namelastname112 the Slasher (DrCK)                  Turns: 1288, Time: 00:01:45

Health: 0/33       AC:  6    Str: 12 (14) XL:     3   Next: 73%
Magic:  3/3        EV: 12    Int: 11 (12) God:    Xom [..*...]
Gold:   53         SH:  0    Dex:  8 (11) Spells: 0 memorised, 2 levels left

rFire  . . .     SeeInvis .     a - +0 falchion (chaos)
rCold  . . .     Gourm    .     (armour unavailable)
rNeg   . . .     Faith    .     (no shield)
rPois  .         Spirit   .     (helmet restricted)
rElec  .         Dismiss  .     g - +0 cloak
rCorr  .         Reflect  .     (no gloves)
SustAt .         Harm     .     (no boots)
MR     .....                    (no amulet)
Stlth  +.........               (no ring)
                                (no ring)

@: lethally poisoned (0 -> -11), not resistant to hostile enchantments, very
unstealthy
A: unfitting armour, sense surroundings 1, cold-blooded, AC +5
a: Renounce Religion


You were on level 2 of the Dungeon.
You worshipped Xom.
You were a toy of Xom.
You were not hungry.

You visited 1 branch of the dungeon, and saw 2 of its levels.

You collected 53 gold pieces.

Inventory:

Hand Weapons
 a - a +0 falchion of chaos (weapon)
Armour
 g - a +0 cloak (worn)
Scrolls
 d - a scroll of remove curse {unknown}
 e - a scroll of fear {unknown}
 f - 2 scrolls of teleportation {unknown}
Comestibles
 b - a bread ration
 c - a chunk of flesh
 i - a meat ration


   Skills:
 + Level 3.8 Fighting
 * Level 4.0 Long Blades
 + Level 2.5 Dodging


You had 2 spell levels left.
You didn't know any spells.

Dungeon Overview and Level Annotations

Branches:
Dungeon (2/15)

Altars:
Trog
Xom


Innate Abilities, Weirdness & Mutations

Your plain brown scales are hard (AC +5).
Your body does not fit into most forms of armour.
You are cold-blooded and may be slowed by cold attacks.
You passively map a small area around you.


Message History

* * * LOW HITPOINT WARNING * * *
You feel sick. The adder bites you.
* * * LOW HITPOINT WARNING * * *
You hit the adder. You burn the adder.
You kill the adder!
Your Long Blades skill increases to level 4!
* * * LOW HITPOINT WARNING * * *
You feel sick.
* * * LOW HITPOINT WARNING * * *
You feel sick.
* * * LOW HITPOINT WARNING * * *
You feel sick.
You are alive.
You are lethally poisoned (1 -> -10).
Your movement speed is average.
Your attack speed is below average.
Your base attributes are Str 14, Int 12, Dex 11.
You are not resistant to hostile enchantments.
You are very unstealthy.
There is a lethal amount of poison in your body!
You die...
Xom chortles!

##### *##..... ,
###.......
#.......# *
####.......# * ,
#....@## #.## ,
#.##...##...##.
* *
##....#._....
#.#.........#
#.........###
#.>........# ,
#.##...#.....#
#.*#.###........
# #. #.######.


There were no monsters in sight!

Vanquished Creatures
  2 adders
  A dart slug (D:1)
  A giant gecko (D:1)
  A giant cockroach (D:1)
  4 hobgoblins (D:1)
  6 jackals (D:1)
  5 kobolds (D:1)
  2 bats (D:1)
  5 goblins (D:1)
  8 rats (D:1)
35 creatures vanquished.

Notes
Turn   | Place    | Note
--------------------------------------------------------------
     0 | D:1      | namelastname112 the Draconian Chaos Knight began the quest for the Orb.
     0 | D:1      | Reached XP level 1. HP: 19/19 MP: 1/1
   107 | D:1      | Reached XP level 2. HP: 23/26 MP: 2/2
   211 | D:1      | XOM: scenery: create altars
   328 | D:1      | XOM: harmless Necr miscast
   331 | D:1      | XOM: harmless Necr miscast
   416 | D:1      | XOM: medium Air miscast
   525 | D:1      | XOM: 2-stop teleportation journey
   618 | D:1      | Reached XP level 3. HP: 13/33 MP: 3/3
   642 | D:1      | XOM: give mutations
   642 | D:1      | Gained mutation: You are robust (+10% HP). [Xom's mischief]
   642 | D:1      | Lost mutation: You are robust (+10% HP). [Xom's mischief]
   642 | D:1      | Gained mutation: You passively map a small area around you. [Xom's mischief]
   939 | D:1      | XOM: colour smoke trail
  1278 | D:2      | Found a bloodstained altar of Trog.
  1285 | D:2      | Reached skill level 4 in Long Blades
  1286 | D:2      | HP: 1/33 [poisoned by an adder]
  1288 | D:2      | Succumbed to an adder's poison

Vault maps used:
D:1:      minmay_arrival_up_and_down
D:2:      first_bread, trog_three_pillars_becter, uniq_jessica,
          uniq_crazy_yiuf_cottage

Skill      XL: |  1  2  3 |
---------------+----------+-----
Long Blades    | 4 |  4.0
Fighting       | |  3.8
Dodging        | |  2.5

Action                   || total
-------------------------++-------
Melee: Falchion          ||   111
  Use: Potion            ||     2
  Eat: Chunk             ||     1
